 Dungeon Crawl Stone Soup version 0.24.0-13-gcf9b3192b9 (webtiles) character file.

Game seed: 13639931273206942284, levelgen mode: deterministic

275 Gumption the Changer (level 6, -1/28 HPs)
             Began as a Felid Transmuter on Nov 10, 2019.
             Was an Elder of Elyvilon.
             Slain by Duvessa
             ... wielding a +0 rapier
              (7 damage)
             ... on level 5 of the Dungeon.
             The game lasted 02:06:42 (12370 turns).

Gumption the Changer (Felid Transmuter)            Turns: 12370, Time: 02:06:42

Health: -1/28      AC:  2    Str:  6    XL:     6   Next: 3%
Magic:  0/12       EV: 20    Int: 17    God:    Elyvilon [****..]
Gold:   227        SH:  0    Dex: 16    Spells: 2/11 levels left
                                        Lives:  0   Deaths: 2

rFire    . . .     SeeInvis +     - Unarmed
rCold    . . .     Gourm    .   (shield unavailable)
rNeg     . . .     Faith    .   (armour unavailable)
rPois    .         Spirit   +   (helmet unavailable)
rElec    .         Reflect  .   (cloak unavailable)
rCorr    .         Harm     .   (gloves unavailable)
MR       .....                  (boots unavailable)
Stlth    +++.......             k - amulet of guardian spirit
HPRegen  0.09/turn              m - +1 ring of slaying
MPRegen  0.13/turn              (no ring)

@: quick
A: very small, no armour, no weapons or thrown items, stealth, claws 1, fangs 3,
see invisible, carnivore, speed 1, shaggy fur 2, slow metabolism 1, sharp paws
a: Lesser Healing, Heal Other, Purification, Greater Healing, Divine Protection,
Renounce Religion


You were on level 5 of the Dungeon.
You worshipped Elyvilon.
Elyvilon was greatly pleased with you.
You were full.

You visited 2 branches of the dungeon, and saw 8 of its levels.

You collected 293 gold pieces.
You spent 66 gold pieces at shops.

Inventory:

Missiles
 a - 19 arrows
Jewellery
 k - an amulet of guardian spirit (around neck)
 m - a +1 ring of slaying (left paw)
Wands
 j - a wand of digging (6)
 q - a wand of paralysis (6)
Scrolls
 b - 5 scrolls of teleportation
 c - 2 scrolls of immolation
 d - 5 scrolls of remove curse
 f - 5 scrolls of identify
 l - a scroll of blinking
 o - a scroll of fear
Potions
 g - a potion of cancellation
 h - 2 potions of curing
 i - 2 potions of haste
 n - a potion of resistance
 p - a potion of magic
Comestibles
 e - 11 rations


   Skills:
 + Level 3.0 Fighting
 + Level 4.8 Dodging
 + Level 4.0 Stealth
 + Level 4.1 Unarmed Combat
 + Level 3.3 Spellcasting
 + Level 2.8 Translocations
 * Level 5.2 Transmutations


You had 2 spell levels left.
You knew the following spells:

 Your Spells              Type           Power        Failure   Level  Hunger
a - Beastly Appendage     Tmut           ###...       1%          1    None
b - Sticks to Snakes      Tmut           ###.....     3%          2    ##.....
c - Spider Form           Tmut/Pois      ##........   17%         3    ###....
d - Magic Dart            Conj           #...         17%         1    None
e - Blink                 Tloc           N/A          8%          2    ##.....

Your spell library contained the following spells:

 Spells                   Type           Power        Failure   Level  Hunger
 Call Imp                 Summ           #.......     26%         2    ##.....
 Slow                     Hex            #.......     26%         2    ##.....
 Conjure Flame            Conj/Fire      #.......     45%         3    ###....
 Mephitic Cloud           Conj/Pois/Air  #.......     45%         3    ###....
 Blade Hands              Tmut           ###.......   47%         5    ######.
 Ice Form                 Ice/Tmut       ##......     50%         4    ####...


Dungeon Overview and Level Annotations

Branches:
Dungeon (7/15)             Temple (1/1) D:4

Altars:
Ashenzari
Cheibriados
Dithmenos
Elyvilon
Fedhas
Hepliaklqana
Kikubaaqudgha
Makhleb
Nemelex Xobeh
Okawaru
Qazlal
Ru
Trog
Uskayaw
Vehumet
Wu Jian
Xom
Yredelemnul
Zin
The Shining One

Shops:
D:5 =

Annotations:
D:5 Dowan, Duvessa, Pikel
D:7 Prince Ribbit


Innate Abilities, Weirdness & Mutations

You cannot wear armour.
You are incapable of wielding weapons or throwing items.
Your paws allow you to move quietly. (Stealth)
You have sharp claws.
You have razor-sharp teeth.
You have supernaturally acute eyesight. (SInv)
You are carnivorous and can eat meat at any time.
You cover ground quickly.
You are covered in thick fur. (AC +2)
You have a slow metabolism.
Your sharp claws are effective at attacking unaware monsters.


Message History

* * * LOW HITPOINT WARNING * * *
Dowan gestures at Duvessa while chanting.
Duvessa seems to speed up.
Duvessa completely misses you.
Duvessa says, "Where magic fails, the sword succeeds!"
Duvessa hits you but does no damage. Dowan casts a spell at you.
The puff of flame hits you.
* * * LOW HITPOINT WARNING * * *
Duvessa completely misses you. Duvessa completely misses you.
Dowan hits you with a +0 dagger.
* * * LOW HITPOINT WARNING * * *
Casting: Blink (safe; 8% risk of failure)
Confirm with . or Enter, or press ? or * to list all spells.
You blink.
Dowan mumbles some strange words.
Dowan blinks!
Duvessa hits you with a +0 rapier!
You die...

......####...............#
#.... .......#
#...............# ##...
..<....#
##..ยง..........## ##....
.......## #.............#
#..... ........#
#.............# #.....
........# ##...........##
#..... ........#
#..........## ##....
........# ##..e.....##
#.... ........# #...@..###
##.... .......## ##....##
##..... ......## ##.###
##.....# ....### ###
##.....## ...## ##....###
....## ##....## .##..#
#....## ###### #.#### #
###


You could see Duvessa.

Vanquished Creatures
  A slave (D:5)
  An ogre (D:5)
  A centaur (D:7)
  A scorpion (D:5)
  A centaur zombie (D:6)
  3 hounds
  An orc wizard (D:5)
  A centaur skeleton (D:3)
  Ijyb (D:5)
  2 worker ants
  A hound skeleton (D:4)
  3 gnolls
  A howler monkey skeleton (D:6)
  6 adders
  An ooze (D:2)
  2 worms
  5 leopard geckos
  3 orcs
  2 ball pythons (D:4)
  6 giant cockroaches
  4 goblins
  5 hobgoblins
  9 jackals
  6 kobolds
  3 quokkas
  11 bats
  5 frilled lizards
  A leopard gecko skeleton (D:6)
  A quokka skeleton (D:4)
  A quokka zombie (D:7)
  9 rats
98 creatures vanquished.

Vanquished Creatures (collateral kills)
  A slave (D:5)
  3 scorpions
  A centaur zombie (D:5)
  An orc priest (D:5)
  An orc wizard (D:5)
  2 gnolls (D:5)
  An adder (D:3)
  A shadow imp (D:4)
  An ooze (D:4)
  3 worms
  3 orcs (D:5)
  A jackal (D:3)
  A quokka (D:4)
20 creatures vanquished.

Grand Total: 118 creatures vanquished

Notes
Turn   | Place    | Note
-------+----------+-------------------------------------------
     0 | D:1      | Gumption the Felid Transmuter began the quest for the Orb.
     0 | D:1      | Reached XP level 1. HP: 9/9 MP: 4/4
   470 | D:1      | Reached XP level 2. HP: 12/12 MP: 4/6
   704 | D:1      | Learned a level 2 spell: Sticks to Snakes
   783 | D:1      | Reached skill level 1 in Stealth
  1533 | D:2      | Reached XP level 3. HP: 12/15 MP: 5/7
  1566 | D:2      | Reached skill level 3 in Transmutations
  2240 | D:2      | Found a white marble altar of Elyvilon.
  2389 | D:2      | Became a worshipper of Elyvilon the Healer
  2771 | D:2      | Found a faded altar of an unknown god.
  3025 | D:2      | Found a sparkling altar of Nemelex Xobeh.
  3184 | D:2      | Learned a level 3 spell: Spider Form
  3348 | D:3      | Reached XP level 4. HP: 19/19 MP: 8/8
  3965 | D:2      | Reached * piety under Elyvilon
  5320 | D:4      | Reached XP level 5. HP: 22/22 MP: 1/9
  5442 | D:4      | Found a staircase to the Ecumenical Temple.
  5451 | Temple   | Entered the Ecumenical Temple
  6232 | D:4      | Reached skill level 4 in Transmutations
  6354 | D:4      | Reached ** piety under Elyvilon
  6522 | D:4      | Learned a level 1 spell: Magic Dart
  6525 | D:4      | Learned a level 2 spell: Blink
  6945 | D:5      | Entered Level 5 of the Dungeon
  6954 | D:5      | Noticed Ijyb
  6982 | D:5      | Killed Ijyb
  6982 | D:5      | Reached skill level 1 in Translocations
  6982 | D:5      | Gained mutation: You are covered in thick fur. (AC +2)
                  | [Felid growth]
  6982 | D:5      | Reached XP level 6. HP: 13/26 MP: 5/11
  7318 | D:5      | Noticed a slave
  7923 | D:5      | Noticed Pikel
  7932 | D:5      | Noticed a slave
  7932 | D:5      | Noticed a slave
  7937 | D:5      | Noticed a slave
  8126 | D:5      | Killed a slave
  8143 | D:5      | Killed a slave
  8660 | D:5      | Found Quocw's Jewellery Boutique.
  8675 | D:5      | Bought a +1 ring of slaying for 66 gold pieces
  8975 | D:5      | HP: 1/27 [slave[Pikel] (3)]
  9423 | D:5      | Reached *** piety under Elyvilon
  9427 | D:5      | Noticed Dowan
  9521 | D:6      | Found a shadowy altar of Dithmenos.
  9711 | D:6      | Found an ancient bone altar of Kikubaaqudgha.
  9836 | D:6      | Reached XP level 7. HP: 19/30 MP: 6/12
 10716 | D:7      | Reached **** piety under Elyvilon
 10916 | D:7      | Noticed Prince Ribbit
 10960 | D:7      | Slain by Prince Ribbit
 10961 | D:7      | Reached XP level 6. HP: -1/27 MP: 0/11
 10974 | D:7      | Reached skill level 5 in Transmutations
 11557 | D:7      | Found a shimmering altar of Xom.
 11703 | D:7      | HP: 1/27 [wyvern zombie (9)]
 11755 | D:7      | Slain by a wyvern zombie
 11756 | D:7      | Reached XP level 5. HP: 0/24 MP: 0/11
 11776 | D:7      | Noticed a hippogriff
 12028 | D:5      | Reached XP level 6. HP: 18/28 MP: 2/12
 12269 | D:5      | Noticed Duvessa
 12370 | D:5      | Slain by Duvessa

Levels and vault maps discovered:
D:1:      zaba_arrival_water, layout_rooms, serial_co_window_serial,
          co_window_of_opportunity_a, co_window_of_opportunity_a,
          co_window_paths_a, co_window_paths_a, co_window_cross_1,
          co_window_2corner, co_window_paths_c, co_window_paths_c,
          co_window_corner_b, co_window_paths_e, co_window_paths_d,
          glass_columns_a, glass_columns_c, glass_columns_c, glass_columns_c,
          minivault_23
D:2:      layout_loops_corners, nemelex_xobeh_ov_fountains_minmay,
          chequers_ecumenical_altar_lobes, corexii_hall_statues_s,
          kennysheep_pointless_box, elyvilon_altar_5
D:3:      layout_loops_cross
D:4:      kennysheep_six_static_rooms, layout_basic, temple_statues,
          first_ration
D:5:      layout_cave_pods, serial_shops, nicolae_shop_stone, uniq_pikel,
          uniq_duvessa, uniq_ijyb
D:6:      layout_gridville, overflow_temple_1_default, kiku_gazebo_pond_becter
D:7:      layout_cave_pods, old_standard_altar, minmay_crystal_room,
          uniq_prince_ribbit1
Temple:   nicolae_temple_elliptical

Skill      XL: |  1  2  3  4  5  6 |
---------------+-------------------+-----
Stealth        | 1 2 4 3 |  4.0
Dodging        | 3 4 |  4.8
Transmutations | 3 4 5 |  5.2
Fighting       | 3 |  3.0
Translocations | 1 2 |  2.8
Spellcasting   | 3 |  3.3
Unarmed Combat | 4 |  4.1

Action                   |  1- 3 |  4- 6 |  7- 9 || total
-------------------------+-------+-------+-------++-------
Melee: Unarmed           |    97 |   239 |    17 ||   353
       Headbutt          |     9 |    41 |     3 ||    53
       Bite              |     6 |    21 |     1 ||    28
       Punch             |     1 |     4 |     1 ||     6
 Cast: Beastly Appendage |    16 |    43 |     4 ||    63
       Sticks to Snakes  |     9 |    62 |     2 ||    73
       Magic Dart        |       |    15 |     5 ||    20
       Blink             |       |    12 |     2 ||    14
       Spider Form       |       |     1 |       ||     1
Invok: Purification      |       |     1 |       ||     1
  Use: Scroll            |     4 |    10 |     2 ||    16
       Potion            |       |     1 |       ||     1
 Stab: Sleeping          |    15 |     6 |     1 ||    22
       Distracted        |       |     1 |       ||     1
  Eat: Chunk             |    12 |    23 |       ||    35
       Ration            |       |     1 |       ||     1
Armor: Skin              |     2 |    17 |     2 ||    21
Dodge: Dodged            |    70 |   247 |    11 ||   328
